 Dungeon Crawl Stone Soup version 0.31.0-1-g2c135a0 (webtiles) character file.

Game seed: 1056649938905740113

49 jagoly the Trooper (level 3, -4/23 HPs)
             Began as a Gargoyle Monk on Jan 25, 2024.
             Slain by an iguana (6 damage)
             ... on level 4 of the Dungeon.
             The game lasted 00:04:05 (652 turns).

jagoly the Trooper (Gargoyle Monk)                   Turns: 652, Time: 00:04:05

Health: -4/23      AC:  8    Str: 16    XL:     3   Next: 77%
Magic:  3/3        EV: 11    Int: 14    God:
Gold:   56         SH:  0    Dex: 12    Spells: 2/2 levels left

rFire   . . .        a - +0 hand axe
rCold   . . .        d - orb {light}
rNeg    + . .        e - +0 ring mail
rPois   ∞            (no helmet)
rElec   +            (no cloak)
rCorr   .            (no gloves)
SInv    .            (no boots)
Will    .....        (no amulet)
Stlth   +            o - ring of Circularity {rPois Int+4}
HPRegen 0.23/turn    (no ring)
MPRegen 0.08/turn

%: no passive effects
@: glowing
A: sickness immunity, AC +3, negative energy resistance 1, electricity
resistance, torment resistance 1, petrification resistance
a: no special abilities


You were on level 4 of the Dungeon.
You visited 1 branch of the dungeon, and saw 4 of its levels.

You collected 80 gold pieces.
You spent 24 gold pieces at shops.

Inventory:

Hand Weapons
 a - a +0 hand axe (weapon)
 l - a +0 battleaxe
Missiles
 m - 17 stones (quivered)
 p - 6 boomerangs
Armour
 b - a +0 robe
 d - an orb of light (worn)
 e - a +0 ring mail (worn)
Jewellery
 i - an amulet of magic regeneration
 o - the ring of Circularity (left hand) {rPois Int+4}
   (You found it on level 2 of the Dungeon)

   [ring of poison resistance]

   Int+4:     It affects your intelligence (+4).
   rPois:     It protects you from poison
Scrolls
 g - a scroll of identify
 h - 3 scrolls of teleportation
 k - a scroll of enchant armour {unknown}
Potions
 c - a potion of ambrosia
 f - a potion of degeneration {unknown}
 j - 2 potions of might {unknown}
 n - 2 potions of brilliance {unknown}
 q - a potion of curing {unknown}
 r - a potion of attraction {unknown}


   Skills:
 + Level 3.6 Fighting
 * Level 3.1 Axes
 * Level 1.9 Armour
 - Level 2.4 Dodging
 * Level 1.8 Stealth


You had 2 spell levels left.
You didn't know any spells.
Your spell library was empty.

Dungeon Overview and Level Annotations

Branches:
Dungeon (4/15) Zot: 23327
 Temple: D:4-7

Altars:

Shops:
D:4 *


Innate Abilities, Weirdness & Mutations

You are immune to sickness and miasma.
Your stone body is resilient. (AC +3)
You are immune to poison.
You resist negative energy. (rN+)
You are resistant to electric shocks. (rElec)
You are resistant to unholy torment.
You are immune to petrification.


Message History

The frilled lizard bites you but does no damage.
You barely miss the frilled lizard. The frilled lizard misses you.
An endoplasm comes into view.
You hit the frilled lizard.
You kill the frilled lizard!
The jackal bites you but does no damage.
You closely miss the jackal. You closely miss the jackal.
The jackal closely misses you.
You closely miss the jackal. The jackal barely misses you.
The jackal bites you but does no damage.
You completely miss the jackal.
The jackal bites you but does no damage.
You hit the jackal.
The jackal is heavily wounded.
The jackal bites you but does no damage. x2
You hit the jackal.
You kill the jackal!
You slash the jackal!
You kill the jackal!
The jackal bites you but does no damage.
You hit the jackal.
The jackal is heavily wounded.
The jackal misses you.
You hit the jackal.
You kill the jackal!
You hit the endoplasm but do no damage. The endoplasm freezes you.
You are frozen.
You hit the endoplasm.
You kill the endoplasm!
No target in view!
No target in view!
You see here a jackal corpse.
A frilled lizard comes into view.
A frilled lizard is nearby!
Found 2 purple potions.
The frilled lizard closely misses you.
You hit the frilled lizard.
You kill the frilled lizard!
No target in view!
n - 2 purple potions You enter a teleport trap!
The teleport trap disappears.
Your surroundings suddenly seem different.
Found a stone staircase leading down.
There is a stone staircase leading down here.
You climb downwards.
Found 9 stones.
There is a stone staircase leading up here.
m - 11 stones (gained 9)
A goblin comes into view. It is wielding a +0 dagger.
The goblin shouts!
You hear an angry hiss.
A goblin is nearby!
The goblin hits you but does no damage.
You closely miss the goblin. The goblin barely misses you.
You hit the goblin.
You kill the goblin!
No target in view!
No target in view!
You see here a +0 dagger.
Found 10 gold pieces.
A quokka comes into view.
A frilled lizard comes into view.
You see here 10 gold pieces.
You now have 54 gold pieces (gained 10).
The frilled lizard hisses angrily.
Found a robe.
You hit the quokka.
The quokka is moderately wounded.
The quokka barely misses you. The quokka misses you.
You hit the quokka but do no damage.
The quokka is moderately wounded.
The quokka bites you but does no damage.
You completely miss the quokka.
The quokka is moderately wounded.
The quokka closely misses you.
The quokka bites you but does no damage.
You closely miss the quokka.
The quokka is moderately wounded.
The quokka misses you.
You hit the quokka but do no damage.
The quokka is moderately wounded.
The quokka bites you but does no damage.
You barely miss the quokka.
The quokka is moderately wounded.
The quokka closely misses you. The quokka bites you.
You hit the quokka but do no damage.
The quokka is moderately wounded.
The quokka closely misses you.
You hit the quokka.
You kill the quokka!
You hit the frilled lizard.
You kill the frilled lizard!
No target in view!
No target in view!
You see here a quokka corpse.
Found 3 stones.
A frilled lizard comes into view.
An endoplasm comes into view.
There are monsters nearby!
You completely miss the frilled lizard. The frilled lizard barely misses you.
You barely miss the frilled lizard.
The frilled lizard barely misses you. x2
You hit the frilled lizard.
You kill the frilled lizard!
You hit the endoplasm.
The endoplasm is severely wounded.
The endoplasm hits you but does no damage.
You hit the endoplasm.
The endoplasm is almost dead.
The endoplasm freezes you.
You are frozen.
You slash the endoplasm!
You kill the endoplasm!
You have reached level 3!
Your experience leads to an increase in your attributes!
Increase (S)trength, (I)ntelligence, or (D)exterity?
You feel stronger. x2
You see here a frilled lizard corpse.
Found a brightly glowing ivory ring.
m - 14 stones (gained 3) HP restored.
o - the ring of Circularity {rPois Int+4} You feel clever.
o - the ring of Circularity (left hand) {rPois Int+4} HP restored.
A bat comes into view.
A bat is nearby!
The bat barely misses you.
You hit the bat.
The bat is heavily wounded.
The bat closely misses you. The bat misses you.
You hit the bat.
You kill the bat!
Your Axes skill increases to level 3!
No target in view!
You see here a bat corpse.
Found a stone staircase leading down.
There is a stone staircase leading down here.
You climb downwards.
Found 2 stones and a dagger.
Found a stone staircase leading down.
There is a stone staircase leading up here.
There is a stone staircase leading down here.
A ball python comes into view.
The ball python hisses angrily.
A ball python is nearby!
The ball python bites you. The ball python grabs you.
The ball python constricts you. The ball python barely misses you.
The ball python constricts you.
You see here 2 stones.
You hit the ball python.
You kill the ball python!
No target in view!
Throw: 14 stones
Press: ? - help, Q - select action Shift-Dir - straight line, f - you Marked for pickup.
Okay, then.
m - 16 stones (gained 2)
You see here a +0 dagger.
HP restored.
A hobgoblin comes into view.
The hobgoblin shouts!
An endoplasm comes into view.
The hobgoblin hits you but does no damage.
You barely miss the hobgoblin. The hobgoblin hits you.
You hit the hobgoblin.
The hobgoblin is moderately wounded.
The hobgoblin barely misses you.
You barely miss the hobgoblin.
The hobgoblin is moderately wounded.
The hobgoblin completely misses you.
You hit the hobgoblin.
You kill the hobgoblin!
You hit the endoplasm.
The endoplasm is severely wounded.
The endoplasm hits you but does no damage.
You slash the endoplasm!
You kill the endoplasm!
No target in view!
Found an escape hatch in the ceiling.
Found a silvery potion.
Found 6 boomerangs.
Found 10 gold pieces.
You see here 6 boomerangs.
p - 6 boomerangs
Found 5 stones.
q - a silvery potion
m - 21 stones (gained 5)
A quokka comes into view.
The quokka bites you.
You barely miss the quokka. The quokka bites you.
The quokka bites you but does no damage.
You closely miss the quokka.
The quokka bites you but does no damage.
You hit the quokka but do no damage. The quokka bites you.
You hit the quokka.
The quokka is moderately wounded.
The quokka barely misses you.
The quokka bites you but does no damage.
You closely miss the quokka.
The quokka is moderately wounded.
The quokka bites you but does no damage.
You hit the quokka.
The quokka is heavily wounded.
The quokka bites you but does no damage.
You hit the quokka.
You kill the quokka!
No target in view!
No target in view!
You now have 64 gold pieces (gained 10).
HP restored.
An endoplasm comes into view.
The endoplasm quivers.
The endoplasm jiggles.
The endoplasm moves out of view.
Found a stone staircase leading up.
A giant cockroach comes into view.
There is a stone staircase leading up here.
Your library has no spells.
You climb upwards.
Found a stone staircase leading up.
There is a stone staircase leading down here.
There is a stone staircase leading up here.
You climb upwards.
The bat hits you but does no damage.
Found a leather armour.
There is a stone staircase leading down here.
You closely miss the bat. The bat closely misses you. The bat misses you.
You barely miss the bat. The bat hits you but does no damage. x2
You hit the bat.
The bat is severely wounded.
The bat barely misses you. The bat hits you but does no damage.
You hit the bat.
The bat is severely wounded.
The bat barely misses you. The bat hits you but does no damage.
Found 5 stones.
The bat hits you but does no damage. x2
You barely miss the bat.
The bat is severely wounded.
You hit the bat.
You kill the bat!
The bat completely misses you.
No target in view!
No target in view!
No target in view!
No target in view!
There is a stone staircase leading down here.
The bat hits you but does no damage.
You climb downwards.
There is a stone staircase leading up here.
You closely miss the bat.
The bat is severely wounded.
The bat hits you but does no damage.
You hit the bat.
You kill the bat!
No target in view!
There is a stone staircase leading down here.
You climb downwards.
The giant cockroach bites you but does no damage.
The giant cockroach misses you. The endoplasm freezes you.
You are frozen.
There is a stone staircase leading up here.
You hit the endoplasm.
You kill the endoplasm!
You hit the giant cockroach but do no damage.
The giant cockroach bites you but does no damage.
The giant cockroach barely misses you.
You hit the giant cockroach.
You kill the giant cockroach!
No target in view!
Found a murky pink potion.
j - 2 murky pink potions (gained 1)
A frilled lizard comes into view.
Found a fizzy silvery potion.
The frilled lizard misses you.
You barely miss the frilled lizard. The frilled lizard closely misses you.
You hit the frilled lizard.
You kill the frilled lizard!
No target in view!
No target in view!
Found a stone staircase leading down.
r - a fizzy silvery potion
There is a stone staircase leading down here.
You climb downwards.
The orc shouts!
Found 9 gold pieces.
There is a stone staircase leading up here.
Throw: 21 stones
Press: ? - help, Q - select action, (/) - cycle Shift-Dir - straight line, f - orc
Aim: an orc, wielding a +0 falchion (54% to hit)
You throw a stone. The stone hits the orc.
The orc is moderately wounded.
The quokka twitches its whiskers.
Throw: 20 stones
Press: ? - help, Q - select action, (/) - cycle Shift-Dir - straight line, f/p - orc
Aim: an orc, wielding a +0 falchion (moderately wounded, 54% to hit)
You throw a stone. The stone closely misses the orc.
Throw: 19 stones
Press: ? - help, Q - select action, (/) - cycle Shift-Dir - straight line, f/p - orc
Aim: an orc, wielding a +0 falchion (moderately wounded, haloed, 75% to hit)
You throw a stone. The stone hits the orc.
The orc is moderately wounded.
Throw: 18 stones
Press: ? - help, Q - select action, (/) - cycle Shift-Dir - straight line, f/p - orc
Aim: an orc, wielding a +0 falchion (moderately wounded, haloed, 75% to hit)
You throw a stone. The stone barely misses the orc.
You completely miss the orc.
The orc is moderately wounded.
You hit the quokka. The orc hits you but does no damage.
The quokka completely misses you.
You barely miss the orc.
The orc is moderately wounded.
You hit the quokka but do no damage. The quokka bites you.
The orc hits you but does no damage.
You hit the orc.
The orc is severely wounded.
You closely miss the quokka. The quokka misses you.
The orc hits you with a +0 falchion.
The quokka bites you but does no damage.
You barely miss the orc.
The orc is severely wounded.
You hit the quokka. The orc hits you but does no damage.
The quokka barely misses you.
You hit the orc but do no damage.
The orc is severely wounded.
You closely miss the quokka. The orc barely misses you.
The quokka barely misses you. The orc hits you but does no damage.
You hit the orc.
You kill the orc!
You closely miss the quokka.
The quokka bites you but does no damage.
The quokka barely misses you.
You barely miss the quokka.
The quokka is heavily wounded.
The quokka bites you.
You hit the quokka but do no damage.
The quokka is heavily wounded.
The quokka closely misses you. x2
You hit the quokka but do no damage.
The quokka is heavily wounded.
The quokka bites you but does no damage.
You hit the quokka.
The quokka is severely wounded.
The quokka barely misses you.
You hit the quokka.
You kill the quokka!
No target in view!
No target in view!
Found 7 gold pieces.
You now have 73 gold pieces (gained 9).
You open the door.
A giant cockroach comes into view.
The giant cockroach moves out of view.
There is an open door here.
You hit the giant cockroach but do no damage.
The giant cockroach bites you but does no damage.
You hit the giant cockroach.
The giant cockroach is almost dead.
The giant cockroach barely misses you.
The giant cockroach bites you but does no damage.
You hit the giant cockroach.
You kill the giant cockroach!
No target in view!
You see here a giant cockroach corpse.
You now have 80 gold pieces (gained 7).
A kobold comes into view. It is wielding a +0 short sword.
The kobold shouts!
A giant cockroach comes into view.
Found a stone and a hand axe.
Found Ylunis's General Store.
Found a robe.
The kobold completely misses you.
You hit the kobold.
You kill the kobold!
You hit the giant cockroach but do no damage.
The giant cockroach bites you but does no damage.
You hit the giant cockroach.
The giant cockroach is almost dead.
The giant cockroach bites you but does no damage.
The giant cockroach closely misses you.
You barely miss the giant cockroach.
The giant cockroach is almost dead.
The giant cockroach bites you but does no damage.
You hit the giant cockroach.
You kill the giant cockroach!
No target in view!
No target in view!
No target in view!
Things that are here:
a +0 short sword; a kobold corpse
Found a stone staircase leading down.
There is an entrance to Ylunis's General Store here.
g - 2 scrolls of identify (gained 1) Thank you for shopping at Ylunis's General Store!
You can access your shopping list by pressing '$'.
As you read the scroll of identify, it crumbles to dust.
h - 3 scrolls of teleportation You open the door.
A jackal comes into view.
There is an open door here.
The jackal barks!
You hear an angry hiss.
A jackal comes into view.
You hear a bark!
The jackal barks!
You hear an angry hiss.
You hear a bark!
The jackal bites you but does no damage.
You hit the jackal but do no damage. You hit the jackal.
The jackal bites you but does no damage. x2
The jackal bites you.
You hit the jackal but do no damage.
The jackal is severely wounded.
You hit the jackal. The jackal closely misses you.
The jackal bites you but does no damage.
A jackal comes into view.
The jackal bites you. The jackal barely misses you.
You hit the jackal but do no damage.
The jackal is severely wounded.
You hit the jackal. The jackal barely misses you.
The jackal bites you but does no damage.
The jackal closely misses you.
You hit the jackal.
You kill the jackal!
You hit the jackal.
The jackal bites you but does no damage.
The jackal closely misses you.
The jackal bites you but does no damage.
You hit the jackal but do no damage.
The jackal is almost dead.
You hit the jackal.
The jackal bites you but does no damage.
The jackal closely misses you.
You hit the jackal.
You kill the jackal!
You hit the jackal.
The jackal bites you but does no damage. x2
You hit the jackal.
The jackal is severely wounded.
The jackal misses you. The jackal bites you.
You barely miss the jackal.
The jackal is heavily wounded.
The jackal bites you.
You hit the jackal.
You kill the jackal!
No target in view!
No target in view!
You see here a jackal corpse.
You open the door.
A jackal and an iguana come into view.
The jackal barks!
The iguana hisses angrily.
The iguana moves out of view.
Found 8 gold pieces.
There is an open door here.
You hit the jackal but do no damage. The jackal closely misses you.
You barely miss the jackal.
The jackal bites you but does no damage.
The jackal completely misses you.
You slash the jackal!
You kill the jackal!
You hit the iguana but do no damage.
The iguana bites you but does no damage.
You hit the iguana.
The iguana is lightly wounded.
The iguana misses you.
You hit the iguana but do no damage.
The iguana is lightly wounded.
The iguana bites you but does no damage.
You hit the iguana.
The iguana is moderately wounded.
The iguana misses you.
You hit the iguana.
The iguana is moderately wounded.
The iguana bites you but does no damage.
The iguana closely misses you.
You hit the iguana but do no damage.
The iguana is moderately wounded.
The iguana bites you.
You slash the iguana!
The iguana is severely wounded.
The iguana bites you but does no damage.
You completely miss the iguana.
The iguana is severely wounded.
The iguana bites you.
You hit the iguana but do no damage.
The iguana is severely wounded.
The iguana bites you!
* * * LOW HITPOINT WARNING * * *
You are too injured to fight recklessly!
You are too injured to fight recklessly!
Cleave: a) +0 hand axe
Press: ? - help, Dir - move target, f - iguana
Aim: an iguana (severely wounded, haloed, about 18% to evade your +0 hand axe)
You barely miss the iguana.
The iguana is severely wounded.
The iguana bites you.
* * * LOW HITPOINT WARNING * * *
You aren't carrying any items that you can evoke.
Cleave: a) +0 hand axe
Press: ? - help, Dir - move target, f/p - iguana
Aim: an iguana (severely wounded, haloed, about 18% to evade your +0 hand axe)
You hit the iguana but do no damage.
The iguana is severely wounded.
The iguana bites you.
* * * LOW HITPOINT WARNING * * *
Cleave: a) +0 hand axe
Press: ? - help, Dir - move target, f/p - iguana
Aim: an iguana (severely wounded, haloed, about 18% to evade your +0 hand axe)
You hit the iguana.
The iguana is almost dead.
The iguana bites you.
You die...

##########............
......##............
...[...)†..........
......##....##...#
..(...##....##...##
..................#
#............†....#
#.......∩)...†....#
#.>.#####'####@#...#
.. #..# #l.#### .
..... ....#
#...........#
#...........#
+..........$#
#...........#
#...........#


You could see an iguana.

Vanquished Creatures
  An orc (D:4)
  5 endoplasms
  3 giant cockroaches
  2 goblins
  2 hobgoblins
  7 jackals
  5 quokkas
  2 ball pythons
  5 bats
  7 frilled lizards
  2 kobolds
41 creatures vanquished.

Notes
Turn   | Place    | Note
-------+----------+-------------------------------------------
     0 | D:1      | jagoly the Gargoyle Monk began the quest for the Orb.
     0 | D:1      | Reached XP level 1. HP: 14/14 MP: 1/1
   135 | D:1      | Reached XP level 2. HP: 19/19 MP: 2/2
   169 | D:1      | Reached skill level 1 in Stealth
   177 | D:1      | Reached skill level 1 in Armour
   326 | D:2      | Reached XP level 3. HP: 19/23 MP: 3/3
   336 | D:2      | Identified the ring of Circularity {rPois Int+4}
   607 | D:4      | Found Ylunis's General Store.
   620 | D:4      | Bought a scroll of identify for 24 gold pieces
   651 | D:4      | HP: 1/23 [iguana (2)]
   652 | D:4      | Slain by an iguana

Illustrated notes

Levels and vault maps discovered:
D:1:      minmay_arrival_glassed_features, layout_loops_ring
D:2:      layout_loops_ring
D:3:      layout_loops_ring, skrybe_limestone_x
D:4:      cheibrodos_old_hovel, layout_gridville, tgw_trog, serial_shops, shop,
          kennysheep_orc_chapel

Skill      XL: |  1  2  3 |
---------------+----------+-----
Stealth        | 1 |  1.8
Armour         | 1 |  1.9
Axes           | 3 |  3.1
Fighting       | |  3.6
Dodging        | |  2.4

Action                     || total
---------------------------++-------
  Melee: Hand axe          ||   128
  Throw: Stone             ||     4
    Use: Scroll            ||     1
 Armour: Ring mail         ||    97
  Dodge: Dodged            ||    75
